 Dungeon Crawl Stone Soup version 0.20-a0-261-gcb1eca7 (webtiles) character file.

144 AlphabetPasta the Vexing (level 5, -1/37 HPs)
             Began as a Formicid Enchanter on Dec 3, 2016.
             Slain by a leopard gecko (3 damage)
             ... on level 3 of the Dungeon.
             The game lasted 00:13:34 (2910 turns).

AlphabetPasta the Vexing (Formicid Enchanter)       Turns: 2910, Time: 00:13:35

Health: -1/37      AC:  3    Str: 13    XL:     5   Next: 52%
Magic:  3/9        EV: 12    Int: 14    God:
Gold:   148        SH:  0    Dex: 12    Spells: 0/9 levels left

rFire  . . .     SeeInvis +     a - +1 dagger
rCold  . . .     Gourm    .     b - +1 robe
rNeg   . . .     Faith    .     (no shield)
rPois  .         Spirit   .     (helmet unavailable)
rElec  .         Reflect  .     (no cloak)
rCorr  .         Harm     .     (no gloves)
MR     .....                    (no boots)
Stlth  ++........               (no amulet)
                                (no ring)
                                (no ring)

@: no status effects
A: permanent stasis, dig shafts and tunnels, four strong arms, antennae 3
a: Dig, Shaft Self


You were on level 3 of the Dungeon.
You were not hungry.

You visited 1 branch of the dungeon, and saw 3 of its levels.

You collected 148 gold pieces.

Inventory:

Hand Weapons
 a - a +1 dagger (weapon)
Armour
 b - a +1 robe (worn)
Jewellery
 e - an uncursed ring of stealth {unknown}
 h - an uncursed ring of flight {unknown}
Wands
 i - a wand of teleportation (2/9)
Scrolls
 j - 2 scrolls of identify
Books
 c - a book of Maledictions

   Spells                             Type                      Level
   a - Corona                         Hexes                        1
   b - Ensorcelled Hibernation        Hexes/Ice                    2
   c - Confuse                        Hexes                        3
   d - Tukima's Dance                 Hexes                        3
   e - Dazzling Spray                 Conjuration/Hexes            3
Comestibles
 d - 2 bread rations
 g - 2 chunks of flesh
 k - a beef jerky


   Skills:
 + Level 1.3 Fighting
 * Level 2.5 Short Blades
 + Level 2.4 Dodging
 + Level 4.2 Stealth
 + Level 2.7 Spellcasting
 * Level 4.6 Hexes


You couldn't memorise any spells.
You knew the following spells:

 Your Spells              Type           Power        Failure   Level  Hunger
a - Corona                Hex            ##.....      3%          1    #......
b - Ensorcelled Hibernat  Hex/Ice        #.....       14%         2    ###....
c - Confuse               Hex            ##......     12%         3    ###....
d - Dazzling Spray        Conj/Hex       #.....       24%         3    ###....


Dungeon Overview and Level Annotations

Branches:
Dungeon (3/15)

Altars:
Elyvilon
Nemelex Xobeh
Okawaru
Qazlal
Ru
Sif Muna
Xom


Innate Abilities, Weirdness & Mutations

You cannot be hasted, slowed, berserked, paralysed or teleported.
You can dig through walls and to a lower floor.
Your four strong arms can wield two-handed weapons with a shield.
You have a pair of large antennae on your head. (SInv)


Message History

The gnoll hits you with an enchanted whip!
* * * LOW HITPOINT WARNING * * *
You see here an adder skeleton.
The orc shouts!
There is a stone staircase leading up here.
You see here an adder skeleton.
The leopard gecko hisses angrily.
The leopard gecko bites you.
* * * LOW HITPOINT WARNING * * *
Some of the chunks of flesh in your inventory have rotted away.
The leopard gecko bites you.
* * * LOW HITPOINT WARNING * * *
You feel better. The leopard gecko bites you.
* * * LOW HITPOINT WARNING * * *
The gnoll hits you with an enchanted whip!
* * * LOW HITPOINT WARNING * * *
As you read the scroll labeled FUIDIO YSINOUD, it crumbles to dust.
The creatures around you are filled with an inner flame!
It was a scroll of immolation.
The leopard gecko bites you.
You die...

{ #..#####.####.####.#..#.#.#
###..# #.........#.#..#....
.##....# #..###.##.#>.......#.
......#####.<.{..##......###....
.##.#..##....####.....#.#.###.#.#
.............# #.##o............
.##.##..###÷#####.##..#.#.###.#.
#.##..#⌠#....g..........#
.##.##..###..#.l@<...###..##
.....................##8..8##
###.####.#...........##.....#
#........#...........###..###
..#.###.##...........#_...._#
.....##. #...........###..###
#.#...# ########...###.....#
.....## #......###..### #.#..#
..........##...._#


You could see a gnoll (inner flame) and a leopard gecko (inner flame).

Vanquished Creatures
  Ijyb (D:2)
  A gnoll (D:1)
  5 adders
  An ooze (D:2)
  2 worms
  3 leopard geckos
  An orc (D:3)
  8 bats
  2 giant cockroaches
  5 goblins
  3 hobgoblins
  5 jackals (D:2)
  A ball python (D:1)
  A frilled lizard (D:2)
  7 kobolds
  5 rats
51 creatures vanquished.

Notes
Turn   | Place    | Note
-------+----------+-------------------------------------------
     0 | D:1      | AlphabetPasta the Formicid Enchanter began the quest for the Orb.
     0 | D:1      | Reached XP level 1. HP: 13/13 MP: 3/3
   416 | D:1      | Reached XP level 2. HP: 9/19 MP: 5/5
   423 | D:1      | Learned a level 2 spell: Ensorcelled Hibernation
   776 | D:1      | Reached XP level 3. HP: 19/25 MP: 6/6
   923 | D:1      | Learned a level 3 spell: Confuse
  1212 | D:2      | Found a sparkling altar of Nemelex Xobeh.
  1215 | D:2      | Found an iron altar of Okawaru.
  1222 | D:2      | Noticed Ijyb
  1261 | D:2      | Killed Ijyb
  1261 | D:2      | Reached skill level 1 in Fighting
  1261 | D:2      | Reached XP level 4. HP: 29/32 MP: 4/7
  2374 | D:2      | Reached XP level 5. HP: 37/37 MP: 2/9
  2485 | D:2      | Learned a level 3 spell: Dazzling Spray
  2649 | D:3      | Found a deep blue altar of Sif Muna.
  2650 | D:3      | Found a stormy altar of Qazlal.
  2651 | D:3      | Found a shimmering altar of Xom.
  2654 | D:3      | Found a white marble altar of Elyvilon.
  2656 | D:3      | Found a sacrificial altar of Ru.
  2907 | D:3      | HP: 1/37 [leopard gecko (2)]
  2910 | D:3      | Slain by a leopard gecko

Vault maps used:
D:1:      lightli_arrival_isolated_outpost, minmay_misc_feat_encased
D:2:      chequers_temple_overflow_statue_of_worship, amethyst_killhole,
          uniq_iyjb
D:3:      minitemple, serial_glass, glass_columns_a, glass_columns_c,
          glass_columns_b, feat_on_display, serial_bayou_pond_b

Skill      XL: |  1  2  3  4 |
---------------+-------------+-----
Dodging        | 2 |  2.4
Hexes          | 4 |  4.6
Fighting       | 1 |  1.3
Short Blades   | 2 |  2.5
Stealth        | 4 |  4.2
Spellcasting   | |  2.7

Action                   |  1- 3 |  4- 6 || total
-------------------------+-------+-------++-------
Melee: Dagger            |    64 |    84 ||   148
 Cast: Corona            |     1 |       ||     1
       Ensorcelled Hiber |     5 |    28 ||    33
       Confuse           |     1 |     3 ||     4
  Use: Scroll            |     2 |     3 ||     5
       Potion            |       |     1 ||     1
 Stab: Sleeping          |     5 |    21 ||    26
       Confused          |     2 |     2 ||     4
  Eat: Chunk             |     2 |     6 ||     8
       Pizza             |       |     1 ||     1
Armor: Robe              |    13 |    16 ||    29
Dodge: Dodged            |    26 |    34 ||    60
